 Dungeon Crawl Stone Soup version 0.23.2 (webtiles) character file.

Game seed: 6540232287897472298

10275 Kinoniko the Cruncher (level 11, -16/89 HPs)
             Began as a Demonspawn Gladiator on Apr 4, 2019.
             Was a Believer of Makhleb.
             Demolished by a spiny frog (17 damage)
             ... on level 2 of the Lair of Beasts.
             The game lasted 00:55:26 (15020 turns).

Kinoniko the Cruncher (Demonspawn Gladiator)       Turns: 15020, Time: 00:55:27

Health: -16/89     AC: 17    Str: 22    XL:     11   Next: 34%
Magic:  15/15      EV: 15    Int:  9    God:    Makhleb [**....]
Gold:   207        SH:  0    Dex: 16    Spells: 13/15 levels left

rFire    . . .     SeeInvis .   o - +5 quarterstaff (chaos)
rCold    + . .     Gourm    .   (shield currently unavailable)
rNeg     . . .     Faith    .   E - +4 robe of the Trees {rC+}
rPois    +         Spirit   .   g - +2 hat
rElec    .         Reflect  .   p - +1 cloak
rCorr    .         Harm     .   K - +2 pair of gloves
MR       .....                  (no boots)
Stlth    +++.......             (no amulet)
HPRegen  0.24/turn              u - +5 ring of strength
MPRegen  0.14/turn              r - ring of poison resistance

@: no status effects
A: antennae 1, rugged brown scales 3, powered by death 1, rot immunity
a: Minor Destruction, Renounce Religion


You were on level 2 of the Lair of Beasts.
You worshipped Makhleb.
Makhleb was pleased with you.
You were hungry.

You visited 3 branches of the dungeon, and saw 12 of its levels.
You also visited: Ice Cave.

You collected 799 gold pieces.
You spent 592 gold pieces at shops.

Inventory:

Hand Weapons
 a - a +0 trident
 o - a +5 quarterstaff of chaos (weapon)
Missiles
 d - 4 throwing nets (quivered)
Armour
 b - a +0 leather armour
 c - a +0 helmet
 g - a +2 hat (worn)
 j - a +2 leather armour of fire resistance
 p - a +1 cloak (worn)
 x - a +3 leather armour of cold resistance
 E - the +4 robe of the Trees (worn) {rC+}
   (You bought it in a shop on level 8 of the Dungeon)

   It protects you from cold.
 K - a +2 pair of gloves (worn)
Jewellery
 i - an uncursed ring of protection from cold
 q - a +2 ring of dexterity
 r - a ring of poison resistance (right hand)
 t - an uncursed ring of flight
 u - a +5 ring of strength (left hand)
Wands
 e - a wand of polymorph (15)
 z - a wand of iceblast (16)
 H - a wand of paralysis (2)
 I - a wand of random effects (18)
 L - a wand of flame (20)
Scrolls
 h - a scroll of amnesia {unknown}
 k - 3 scrolls of remove curse
 v - a scroll of vulnerability
 y - 2 scrolls of teleportation
 J - a scroll of fog
 O - a scroll of holy word {unknown}
 Q - a scroll of fear
Potions
 l - 4 potions of lignification
 m - 3 potions of magic {unknown}
 n - 2 potions of might
 s - 2 potions of flight
 w - 2 potions of degeneration {unknown}
 A - a potion of haste
 B - a potion of ambrosia {unknown}
 C - a potion of brilliance {unknown}
 D - 2 potions of heal wounds
 F - 2 potions of agility {unknown}
 M - a potion of invisibility
Comestibles
 f - 13 rations


   Skills:
 * Level 7.4 Fighting
 + Level 4.8(8.5) Polearms
 * Level 10.8(11.2) Staves
 - Level 1.7 Throwing
 * Level 6.1 Armour
 + Level 5.4 Dodging
 + Level 4.8 Stealth
 * Level 2.9 Spellcasting


You had 13 spell levels left.
You knew the following spells:

 Your Spells              Type           Power        Failure   Level  Hunger
a - Confusing Touch       Hex            #.....       30%         1    ##.....
b - Magic Dart            Conj           #...         30%         1    ##.....

Your spell library contained the following spells:

 Spells                   Type           Power        Failure   Level  Hunger
 Searing Ray              Conj           #.....       43%         2    ###....
 Confuse                  Hex            #.......     67%         3    ####...
 Dazzling Spray           Conj/Hex       #.....       67%         3    ####...
 Gell's Gravitas          Tloc           #.........   67%         3    ####...
 Force Lance              Conj/Tloc      #.......     97%         4    #####..
 Fulminant Prism          Conj/Hex       #.........   97%         4    #####..
 Iskenderun's Mystic Bla  Conj           #.......     97%         4    #####..
 Petrify                  Tmut/Erth      #.......     97%         4    #####..
 Metabolic Englaciation   Hex/Ice        #.........   100%        5    ######.
 Yara's Violent Unravell  Hex/Tmut       #.........   100%        5    ######.


Dungeon Overview and Level Annotations

Branches:
Dungeon (9/15)             Temple (1/1) D:6            Lair (2/6) D:9
    Orc (0/2) D:9
  Swamp: Lair:2-4    Shoals: Lair:2-4     Snake: Lair:2-4    Spider: Lair:2-4

Altars:
Ashenzari
Cheibriados
Dithmenos
Elyvilon
Fedhas
Gozag
Hepliaklqana
Kikubaaqudgha
Makhleb
Nemelex Xobeh
Okawaru
Qazlal
Ru
Sif Muna
Trog
Uskayaw
Vehumet
Wu Jian
Xom
Yredelemnul
Zin
The Shining One

Shops:
D:4 (   D:8 [*[

Annotations:
D:1 cada's ghost, novice TrFi
D:7 2 transporters, zyhmos's ghost, novice MiBe


Innate Abilities, Weirdness & Mutations

You have a pair of small antennae on your head.
You are completely covered in rugged brown scales. (AC +3, +7% HP)
You regenerate a little health from kills.
You are immune to rotting.


Message History

Makhleb accepts your kill. The spiny frog misses you.
You hit the spiny frog.
The spiny frog flickers and vanishes!
Deactivating autopickup; reactivate with Ctrl-A.
Something stings you!
No target in view!
You barely miss something. Something stings you!
You barely miss something. Something completely misses you.
You closely miss something. You hit something but do no damage.
Nothing appears to happen.
Something stings you. Something barely misses you.
You bludgeon something!! Something closely misses you.
You closely miss something. Something stings you!!
* * * LOW HITPOINT WARNING * * *
Something stings you!
* * * LOW HITPOINT WARNING * * *
Something stings you.
* * * LOW HITPOINT WARNING * * *
Something stings you!
You die...

.. ########
..# ##P#..#.
....
#P.....###...#
##....†..#....
#.........#
#....##{...#
... #P@.P# .
##....(..#
#......##
#....###
######


There were no monsters in sight!

Vanquished Creatures
  A two-headed ogre (D:8)
  Erica (D:8)
  Pikel (D:6)
  An ugly thing (IceCv)
  A black mamba (Lair:1)
  Joseph (D:7)
  A centaur zombie (D:7)
  3 spiny frogs (Lair:1)
  2 rime drakes
  A komodo dragon (Lair:1)
  A troll (D:9)
  A queen bee (shapeshifter) (D:4)
  Eustachio (D:6)
  Menkaure (D:4)
  A water moccasin (Lair:1)
  Duvessa (D:7)
  5 porcupines (Lair:1)
  3 phantoms
  A black bear (D:6)
  A slave (D:6)
  6 ice beasts (IceCv)
  3 ogres
  5 centaurs
  10 bullfrogs
  A big kobold (D:9)
  A wyvern zombie (D:7)
  A wyvern skeleton (D:9)
  Dowan (D:7)
  A water moccasin skeleton (D:8)
  A scorpion (D:7)
  3 wights (D:7)
  2 howler monkeys
  5 crimson imps
  2 bullfrog zombies (D:7)
  A quasit (D:9)
  3 hounds
  5 orc priests
  6 orc wizards
  Crazy Yiuf (D:3)
  A centaur skeleton (D:5)
  2 bullfrog skeletons
  Ijyb (D:3)
  Terence (D:2)
  8 worker ants
  An iguana (D:4)
  A worker ant zombie (D:3)
  3 gnolls (D:4)
  18 adders
  A shadow imp (D:5)
  12 white imps (Lair:1)
  An adder skeleton (D:6)
  A worm (D:4)
  3 dart slugs
  5 leopard geckos
  24 orcs
  3 giant cockroaches
  9 goblins
  9 hobgoblins
  6 jackals
  10 kobolds
  3 quokkas
  A ball python (D:2)
  12 bats
  6 frilled lizards
  A jackal skeleton (D:7)
  A leopard gecko zombie (D:6)
  A quokka skeleton (D:4)
  8 rats
240 creatures vanquished.

Vanquished Creatures (others)
  A scorpion (D:6)
  2 orc wizards (D:3)
  2 adders (D:3)
  An orc (D:3)
6 creatures vanquished.

Grand Total: 246 creatures vanquished

Notes
Turn   | Place    | Note
-------+----------+-------------------------------------------
     0 | D:1      | Kinoniko the Demonspawn Gladiator began the quest for the
                  | Orb.
     0 | D:1      | Reached XP level 1. HP: 16/16 MP: 1/1
   200 | D:1      | Gained mutation: You are partially covered in rugged brown
                  | scales. (AC +1, +3% HP) [demonic ancestry]
   200 | D:1      | Reached XP level 2. HP: 15/22 MP: 2/2
   863 | D:2      | Found a basalt altar of Yredelemnul.
   990 | D:2      | Gained mutation: You are mostly covered in rugged brown
                  | scales. (AC +2, +5% HP) [demonic ancestry]
   990 | D:2      | Reached XP level 3. HP: 14/28 MP: 3/3
  1385 | D:2      | Reached skill level 1 in Armour
  1534 | D:2      | Gained mutation: You regenerate a little health from kills.
                  | [demonic ancestry]
  1534 | D:2      | Reached XP level 4. HP: 34/34 MP: 4/4
  1906 | D:2      | Noticed Terence
  1956 | D:2      | Killed Terence
  2582 | D:2      | Gained mutation: You are completely covered in rugged brown
                  | scales. (AC +3, +7% HP) [demonic ancestry]
  2582 | D:2      | Reached XP level 5. HP: 21/41 MP: 5/5
  3149 | D:3      | Found a runed translucent gate.
  3149 | D:3      | Found a runed translucent gate.
  3149 | D:3      | Found a runed translucent gate.
  3149 | D:3      | Noticed cada's ghost (novice TrFi)
  3168 | D:3      | Noticed Ijyb
  3249 | D:3      | Killed Ijyb
  3365 | D:3      | Found a runed translucent door.
  3366 | D:3      | Noticed Crazy Yiuf
  3500 | D:3      | Reached XP level 6. HP: 44/49 MP: 6/6
  3922 | D:3      | Killed Crazy Yiuf
  4500 | D:4      | Found Xonoc's Weapon Shop.
  4551 | D:4      | Noticed a shapeshifter
  4551 | D:4      | an orc changed into a shapeshifter
  4551 | D:4      | Noticed a queen bee
  4551 | D:4      | a shapeshifter changed into a queen bee
  4560 | D:4      | Killed a queen bee
  4560 | D:4      | Reached skill level 1 in Staves
  4560 | D:4      | Reached skill level 1 in Stealth
  4560 | D:4      | Gained mutation: You have a pair of small antennae on your
                  | head. [demonic ancestry]
  4560 | D:4      | Reached XP level 7. HP: 10/55 MP: 7/7
  4664 | D:4      | Reached skill level 2 in Staves
  5021 | D:4      | Noticed Menkaure
  5941 | D:4      | Reached skill level 3 in Staves
  6206 | D:4      | Killed Menkaure
  6923 | D:5      | Entered Level 5 of the Dungeon
  6931 | D:5      | Reached skill level 4 in Staves
  7102 | D:5      | Reached XP level 8. HP: 64/64 MP: 8/8
  8085 | D:5      | You fall through a shaft for 2 floors!
  8105 | D:7      | Noticed Dowan
  8106 | D:7      | Noticed Duvessa
  8334 | D:6      | Found a staircase to the Ecumenical Temple.
  8458 | D:6      | Noticed Pikel
  8471 | D:6      | Killed Pikel
  8471 | D:6      | Reached skill level 5 in Staves
  8628 | D:6      | Noticed Eustachio
  8638 | D:6      | Killed Eustachio
  8638 | D:6      | Reached skill level 6 in Staves
  8713 | D:6      | Gained mutation: You are immune to rotting. [demonic
                  | ancestry]
  8713 | D:6      | Reached XP level 9. HP: 71/71 MP: 9/9
  8836 | D:6      | Reached skill level 5 in Fighting
  9091 | D:6      | Found a shadowy altar of Dithmenos.
  9748 | D:7      | Killed Dowan
  9759 | D:7      | Reached skill level 7 in Staves
 10065 | D:7      | Killed Duvessa
 10222 | D:7      | Found a transporter.
 10238 | D:7      | Noticed a two-headed ogre
 10239 | D:7      | Noticed a moth of wrath
 10257 | D:7      | Noticed zyhmos's ghost (novice MiBe)
 10259 | D:7      | Found a bloodstained altar of Trog.
 10275 | D:7      | Noticed Joseph
 10290 | D:7      | Killed Joseph
 10290 | D:7      | Reached skill level 5 in Armour
 10453 | D:7      | Reached skill level 8 in Staves
 10476 | D:7      | Reached skill level 5 in Dodging
 10795 | D:7      | Found a transporter.
 10919 | D:8      | Found Lypeffi's Assorted Antiques.
 10943 | D:8      | Reached XP level 10. HP: 79/81 MP: 10/10
 10948 | D:8      | Bought a scroll of enchant armour for 195 gold pieces
 10948 | D:8      | Bought a scroll of enchant armour for 195 gold pieces
 10948 | D:8      | Bought a creamy pearl robe for 148 gold pieces
 10958 | D:8      | Identified the +4 robe of the Trees {rC+} (You bought it in
                  | a shop on level 8 of the Dungeon)
 11253 | D:8      | Learned a level 1 spell: Confusing Touch
 11255 | D:8      | Learned a level 1 spell: Magic Dart
 11585 | D:8      | Found Kudutz's Armour Shoppe.
 11593 | D:8      | Bought a +0 pair of gloves for 54 gold pieces
 11779 | D:8      | Noticed a two-headed ogre
 11796 | D:8      | Killed a two-headed ogre
 11796 | D:8      | Reached skill level 9 in Staves
 11796 | D:8      | Reached skill level 1 in Spellcasting
 12082 | Temple   | Entered the Ecumenical Temple
 12183 | Temple   | Became a worshipper of Makhleb the Destroyer
 12365 | D:8      | Found Piodgh's Antique Armour Shop.
 12370 | D:8      | Noticed Erica
 12395 | D:8      | Killed Erica
 12587 | D:8      | Found a sparkling altar of Nemelex Xobeh.
 12587 | D:8      | Found a hazy altar of Hepliaklqana.
 12751 | D:9      | Found a staircase to the Orcish Mines.
 13119 | D:9      | Found a staircase to the Lair.
 13525 | Lair:1   | Entered Level 1 of the Lair of Beasts
 13525 | Lair:1   | Noticed a spiny frog
 13525 | Lair:1   | Noticed a black mamba
 13539 | Lair:1   | Killed a spiny frog
 13539 | Lair:1   | Reached skill level 10 in Staves
 13881 | Lair:1   | Reached * piety under Makhleb
 13916 | Lair:1   | Noticed a spiny frog
 13932 | Lair:1   | Killed a spiny frog
 13953 | Lair:1   | Found a frozen archway.
 14006 | IceCv    | Entered an ice cave
 14016 | IceCv    | Reached XP level 11. HP: 89/89 MP: 14/14
 14055 | IceCv    | Noticed a white ugly thing
 14080 | IceCv    | Killed a white ugly thing
 14217 | Lair:1   | Reached ** piety under Makhleb
 15018 | Lair:2   | HP: 1/89 [something (8)]
 15020 | Lair:2   | Demolished by a spiny frog

Skill      XL: |  1  2  3  4  5  6  7  8  9 10 11 |
---------------+----------------------------------+-----
Dodging        | 3 4 5 |  5.4
Polearms       | 3 4 |  4.8
Armour         | 1 2 3 4 5 6 |  6.1
Fighting       | 3 4 6 7 |  7.4
Staves         | 1 4 6 8 10 | 10.8
Stealth        | 1 2 3 4 |  4.8
Spellcasting   | 2 |  2.9
Throwing       | |  1.7

Action                   |  1- 3 |  4- 6 |  7- 9 | 10-12 || total
-------------------------+-------+-------+-------+-------++-------
Melee: Trident           |   134 |   253 |       |       ||   387
       Unarmed           |       |     1 |       |       ||     1
       Quarterstaff      |       |    30 |   288 |   263 ||   581
Evoke: Wand              |       |       |       |     2 ||     2
  Use: Scroll            |     4 |     5 |    14 |     4 ||    27
       Potion            |       |     4 |     5 |       ||     9
 Stab: Sleeping          |     2 |     2 |     6 |     9 ||    19
       Paralysed         |       |       |     4 |     3 ||     7
       Confused          |       |       |     1 |     3 ||     4
       Petrified         |       |       |     4 |       ||     4
       Petrifying        |       |       |     2 |       ||     2
       Distracted        |       |       |       |     1 ||     1
  Eat: Ration            |     1 |     3 |     6 |     3 ||    13
Armor: Leather armour    |    55 |    86 |    78 |       ||   219
       Robe              |       |       |       |    69 ||    69
       Skin              |       |       |       |     9 ||     9
Dodge: Dodged            |   111 |   183 |   192 |   140 ||   626
